 Dungeon Crawl Stone Soup version 0.22-a0-247-gbddf880 (webtiles) character file.

329 George the Cudgeler (level 6, -3/37 HPs)
             Began as a Gargoyle Fighter on Feb 25, 2018.
             Killed by divine providence
             ... invoked by an orc priest
              (12 damage)
             ... on level 3 of the Dungeon.
             The game lasted 00:04:45 (2187 turns).

George the Cudgeler (Gargoyle Fighter)              Turns: 2187, Time: 00:04:45

Health: -3/37      AC: 15    Str: 22    XL:     6   Next: 51%
Magic:  6/6        EV:  5    Int:  8    God:
Gold:   151        SH:  9    Dex:  9    Spells: 5/5 levels left

rFire    . . .     SeeInvis .   a - +0 flail
rCold    . . .     Gourm    .   c - +0 shield
rNeg     + . .     Faith    .   g - +0 chain mail
rPois    ∞         Spirit   .   k - +0 helmet
rElec    +         Reflect  .   h - +0 cloak
rCorr    .         Harm     .   (no gloves)
MR       .....     Rnd*Tele +   (no boots)
Stlth    ..........             (no amulet)
HPRegen  0.12/turn              j - ring of teleportation (curse)
MPRegen  0.10/turn              (no ring)

@: no status effects
A: negative energy resistance 1, electricity resistance, unbreathing,
petrification resistance, rot immunity, AC +4
a: no special abilities


You were on level 3 of the Dungeon.
You were hungry.

You visited 1 branch of the dungeon, and saw 3 of its levels.

You collected 151 gold pieces.

Inventory:

Hand Weapons
 a - a +0 flail (weapon)
Armour
 c - a +0 shield (worn)
 g - a +0 chain mail (worn)
 h - a +0 cloak (worn)
 k - a +0 helmet (worn)
Jewellery
 j - a cursed ring of teleportation (left hand)
Scrolls
 b - 5 scrolls of identify {unknown}
 m - 5 scrolls of teleportation {unknown}
 p - a scroll of random uselessness {unknown}
 q - 2 scrolls of remove curse {unknown}
 s - a scroll of fog {unknown}
 t - a scroll of enchant armour {unknown}
 u - a scroll of fear
Potions
 d - a potion of might
 e - 2 potions of curing {unknown}
 i - a potion of lignification {unknown}
 l - a potion of haste {unknown}
 n - 2 potions of brilliance {unknown}
 o - 3 potions of flight {unknown}
 r - a potion of degeneration {unknown}
Comestibles
 f - 6 rations


   Skills:
 - Level 3.2 Fighting
 + Level 6.7 Maces & Flails
 - Level 3.2 Armour
 - Level 3.2 Shields


You had 5 spell levels left.
You didn't know any spells.

Dungeon Overview and Level Annotations

Branches:
Dungeon (3/15)

Altars:
Nemelex Xobeh


Innate Abilities, Weirdness & Mutations

You are resistant to torment.
Your stone body is resilient. (AC +4)
You are immune to poison.
You resist negative energy. (rN+)
You are resistant to electric shocks. (rElec)
You can survive without breathing.
You are immune to petrification.
You are immune to rotting.


Message History

The orc priest calls upon Beogh to heal the orc.
The orc's wounds heal themselves!
You block the orc's attack.
You closely miss the orc. The orc hits you but does no damage.
You sock the orc!
You kill the orc!
The orc priest barely misses you.
A bat comes into view.
You closely miss the orc priest.
The orc priest mumbles some strange prayers to Beogh against you.
Beogh smites you!
* * * LOW HITPOINT WARNING * * *
You closely miss the orc priest. You block the orc priest's attack.
You hit the orc priest.
The orc priest is heavily wounded.
You block the orc priest's attack.
You closely miss the orc priest.
The orc priest is heavily wounded.
The orc priest calls down the wrath of Beogh upon you.
Beogh smites you!
You die...

..........# >....
..........# #####
#.........# #### #.........#
#... #.........# #...
#......b..# #... #.....wgo.#
#... #o# #### #@# #
#########.# # #.......#.# #
#.###.#.#.# # #.###.#.#.# #
# #.....#.#.# #. +
#####.....# #.#+##########
#########...# #............#
............###............#


You could see a worm, an orc priest, an orc, a hobgoblin and a bat.

Vanquished Creatures
  2 scorpions
  Natasha (thrice) (D:2)
  Robin (D:1)
  5 adders
  A worm (D:2)
  A dart slug (D:3)
  2 leopard geckos
  2 orcs (D:3)
  A giant cockroach (D:1)
  25 goblins
  15 hobgoblins
  7 jackals
  7 kobolds
  4 bats
  2 frilled lizards (D:2)
  6 rats
84 creatures vanquished.

Notes
Turn   | Place    | Note
-------+----------+-------------------------------------------
     0 | D:1      | George the Gargoyle Fighter began the quest for the Orb.
     0 | D:1      | Reached XP level 1. HP: 14/14 MP: 1/1
   182 | D:1      | Reached XP level 2. HP: 19/19 MP: 2/2
   299 | D:1      | Reached skill level 3 in Maces & Flails
   395 | D:1      | Reached XP level 3. HP: 23/23 MP: 3/3
   871 | D:2      | Noticed a scorpion
   883 | D:2      | Killed a scorpion
   883 | D:2      | Reached skill level 4 in Maces & Flails
   883 | D:2      | Reached XP level 4. HP: 19/28 MP: 4/4
   890 | D:2      | Noticed Robin
   938 | D:1      | Killed Robin
  1147 | D:2      | Reached skill level 5 in Maces & Flails
  1147 | D:2      | Reached XP level 5. HP: 28/32 MP: 5/5
  1305 | D:2      | Found a faded altar of an unknown god.
  1371 | D:2      | Found a sparkling altar of Nemelex Xobeh.
  1371 | D:2      | Noticed Natasha
  1384 | D:2      | Killed Natasha
  1448 | D:2      | Noticed Natasha
  1450 | D:2      | Killed Natasha
  1487 | D:2      | Noticed Natasha
  1496 | D:2      | Killed Natasha
  1496 | D:2      | Reached skill level 6 in Maces & Flails
  1599 | D:2      | Reached XP level 6. HP: 26/37 MP: 6/6
  2187 | D:3      | Killed from afar by an orc priest

Vault maps used:
D:1:      elethiomel_arrival_infinity_welcomes_careful_drivers
D:2:      cheibrodos_greedy_goblins, nemelex_altar_shiori,
          chequers_ecumenical_altar_island, uniq_robin, uniq_natasha
D:3:      minmay_diamond_boxcup, minmay_unequal

Skill      XL: |  1  2  3  4  5 |
---------------+----------------+-----
Maces & Flails | 3 4 5 6 |  6.7
Fighting       | |  3.2
Armour         | |  3.2
Shields        | |  3.2

Action                   |  1- 3 |  4- 6 || total
-------------------------+-------+-------++-------
Melee: Flail             |   102 |   250 ||   352
  Use: Scroll            |     2 |       ||     2
  Eat: Chunk             |       |     4 ||     4
Armor: Scale mail        |    39 |       ||    39
       Chain mail        |    18 |   193 ||   211
Dodge: Dodged            |    24 |    61 ||    85
Block: Shield            |    47 |   147 ||   194

Table legend:
 A = Spawn XP
 B = Non-spawn XP
 C = Spawn XP percentage of total XP
 D = Spawn monster count
 E = Non-spawn monster count
 F = Spawn count percentage of total count
 G = Total turns spent on level
                    A         B        C        D         E        F      G
               +---------+---------+-------+---------+---------+-------+---------
         Total |       0 |     471 |   0.0 |       0 |      84 |   0.0 |  2187
               +---------+---------+-------+---------+---------+-------+---------
           D:1 |       0 |      60 |   0.0 |       0 |      25 |   0.0 |  1060
           D:2 |       0 |     276 |   0.0 |       0 |      44 |   0.0 |   693
           D:3 |       0 |     135 |   0.0 |       0 |      15 |   0.0 |   434
               +---------+---------+-------+---------+---------+-------+---------
